 Dungeon Crawl Stone Soup version 0.29.1-15-g9cfb28693d (webtiles) character file.

Game seed: 7768344312410393257

33257 Anriel the Fighter (level 13, -1/178 HPs)
             Began as a Minotaur Fighter on Mar 9, 2023.
             Was the Champion of Okawaru.
             Succumbed to a death drake's dark miasma
             ... on level 15 of the Dungeon.
             The game lasted 01:13:37 (14844 turns).

Anriel the Fighter (Minotaur Fighter)              Turns: 14844, Time: 01:13:38

Health: -1/178     AC: 26    Str: 25    XL:     13   Next: 35%
Magic:  19/19      EV:  6    Int:  8    God:    Okawaru [******]
Gold:   1586       SH: 17    Dex: 11    Spells: 12/12 levels left

rFire   + + .      SeeInvis +   w - +4 morningstar
rCold   + . .      Faith    .   p - +1 kite shield
rNeg    . . .      Spirit   .   q - +3 plate armour
rPois   .          Reflect  +   S - +0 hat of the Dungeon {rF+ Int+3}
rElec   +          Harm     .   z - +2 cloak
rCorr   .          Rampage  .   t - +0 pair of gloves of the Pit {Stlth+}
Will    .....                   (no boots)
Stlth   ..........              v - amulet of reflection
HPRegen 0.39/turn               R - ring of the Fool {rElec rF+ rC+ SInv}
MPRegen 0.16/turn               y - +4 ring of protection

@: berserking (expiring), lethally poisoned (-1 -> -61), very quick
A: horns 2, retaliatory headbutt
a: Renounce Religion, Heroism, Finesse, Duel


You were on level 15 of the Dungeon.
You worshipped Okawaru.
Okawaru was exalted by your worship.
You visited 2 branches of the dungeon, and saw 16 of its levels.

You collected 1586 gold pieces.

Inventory:

Hand Weapons
 a - a +0 flail of flaming
 d - the +7 staff of the Meek {protect, meekguard}
   (You found it on level 4 of the Dungeon)

   It grants its wielder temporary protection when it strikes (+7 to AC).
   It provides extra protection to wielders with little health.
 i - a +2 sling of freezing
 w - a +4 morningstar (weapon)
 x - a +5 double sword of freezing
 I - a +2 hammer of protection
 V - the +10 great mace "Goblinbane" {flame, *Noise Will+ Str+3 Int+3}
   (Okawaru gifted it to you on level 14 of the Dungeon)

   It burns those it strikes, dealing additional fire damage.
   Str:       It affects your strength (+3).
   Int:       It affects your intelligence (+3).
   *Noise:    It may make noises in combat.
   Will:      It increases your willpower.
Missiles
 u - 2 boomerangs of dispersal (quivered)
 C - 21 boomerangs
 D - 3 silver javelins
 F - 13 atropa-tipped darts
 Z - 6 javelins
Armour
 c - a +1 buckler
 p - a +1 kite shield (worn)
 q - a +3 plate armour (worn)
 t - the +0 pair of gloves of the Pit (worn) {Stlth+}
   (Okawaru gifted it to you on level 8 of the Dungeon)

   Stlth:     It makes you more stealthy.
 z - a +2 cloak (worn)
 E - +0 steam dragon scales
 P - the +0 ring mail "Tacaeguf" {Dex+4}
   (You found it on level 15 of the Dungeon)

   Dex:       It affects your dexterity (+4).
 S - the +0 hat of the Dungeon (worn) {rF+ Int+3}
   (Okawaru gifted it to you on level 12 of the Dungeon)

   Int:       It affects your intelligence (+3).
   rF:        It protects you from fire.
 Y - a +0 troll leather armour
Jewellery
 k - a ring of protection from fire
 r - a ring of fire
 v - an amulet of reflection (around neck)
 y - a +4 ring of protection (right hand)
 G - a ring of poison resistance
 N - an amulet of magic regeneration
 R - the ring of the Fool (left hand) {rElec rF+ rC+ SInv}
   (You acquired it on level 11 of the Dungeon)

   [ring of see invisible]

   rF:        It protects you from fire.
   rC:        It protects you from cold.
   rElec:     It insulates you from electricity.
   SInv:      It lets you see invisible.
 T - a ring of magical power
 U - a ring of flight
Wands
 e - a wand of iceblast (14)
 h - a wand of digging (11)
 l - a wand of quicksilver (7)
 A - a wand of flame (34)
 H - a wand of mindburst (15)
 M - a wand of paralysis (8)
 W - a wand of polymorph (4)
Scrolls
 b - a scroll of poison
 n - 2 scrolls of fog
 B - 5 scrolls of fear
 J - 2 scrolls of teleportation
 K - 2 scrolls of magic mapping
 O - a scroll of blinking
 Q - 2 scrolls of identify
Potions
 f - a potion of berserk rage
 g - a potion of haste
 j - 7 potions of curing
 o - 3 potions of flight
 s - a potion of might
 L - 3 potions of cancellation
 X - a potion of ambrosia


   Skills:
 + Level 12.9 Fighting
 - Level 10.4 Maces & Flails
 * Level 10.9 Throwing
 - Level 10.1 Armour
 - Level 10.1 Shields
 * Level 9.7 Invocations
 - Level 5.0 Evocations


You had 12 spell levels left.
You didn't know any spells.
Your spell library contained the following spells:

 Spells                   Type           Power      Damage    Failure   Level
 Apportation              Tloc           0%         N/A       100%        1
 Necrotise                Necr           0%         1d4       100%        1
 Static Discharge         Conj/Air       0%         3-3/arc   100%        2
 Sublimation of Blood     Necr           0%         N/A       100%        2
 Gell's Gravitas          Tloc           0%         N/A       100%        3
 Inner Flame              Hex/Fire       0%         N/A       100%        3
 Lesser Beckoning         Tloc           0%         N/A       100%        3
 Teleport Other           Tloc           0%         N/A       100%        3
 Vampiric Draining        Necr           0%         2d6       100%        3
 Cause Fear               Hex            0%         N/A       100%        4
 Petrify                  Tmut/Erth      0%         N/A       100%        4
 Agony                    Necr           0%         N/A       100%        5
 Alistair's Intoxication  Tmut/Pois      0%         N/A       100%        5
 Irradiate                Conj/Tmut      0%         3d11      100%        5
 Lightning Bolt           Conj/Air       0%         1d11      100%        5
 Dispersal                Tloc           0%         N/A       100%        6
 Discord                  Hex            0%         N/A       100%        8
 Maxwell's Capacitive Co  Air            0%         ∞         100%        8


Dungeon Overview and Level Annotations

Branches:
Dungeon (15/15)            Temple (1/1) D:4            Lair (0/5) D:8
    Orc (0/2) D:11         Vaults (0/5) D:14
 Depths: D:15

Altars:
Ashenzari
Cheibriados
Dithmenos
Elyvilon
Fedhas
Gozag
Hepliaklqana
Kikubaaqudgha
Makhleb
Nemelex Xobeh
Okawaru
Qazlal
Ru
Sif Muna
Trog
Uskayaw
Vehumet
Wu Jian
Xom
Yredelemnul
Zin
The Shining One


Innate Abilities, Weirdness & Mutations

You have a pair of horns on your head.
You reflexively headbutt those who attack you in melee.


Message History

The death drake breathes miasma at you. The foul vapour engulfs you!
You are more poisoned.
You feel extremely sick.
A red film seems to cover your vision as you go berserk!
You feel yourself moving faster!
You feel mighty!
You feel very sick. The death drake breathes miasma at you.
The foul vapour engulfs you!
You are more poisoned.
* * * LOW HITPOINT WARNING * * *
You are too berserk!
You feel a strong urge to attack something.
You feel very sick. You block the death drake's attack.
You bludgeon the death drake!! Your headbutt misses the death drake.
The death drake is moderately wounded.
You feel very sick. You block the death drake's attack.
You closely miss the death drake. Your headbutt misses the death drake.
The death drake is moderately wounded.
You feel very sick. The death drake breathes miasma at you.
The foul vapour engulfs you but does no damage.
You closely miss the death drake.
The death drake is moderately wounded.
You are engulfed in dark miasma.
You are lethally poisoned!
* * * LOW HITPOINT WARNING * * *
x2 You feel extremely sick.
A wolf spider simulacrum comes into view.
You block the death drake's attack.
You are too berserk!
You are too berserk!
You barely miss the death drake.
The death drake is moderately wounded.
You are engulfed in dark miasma.
You are more poisoned.
* * * LOW HITPOINT WARNING * * *
You die...

#.......#< #.. #.#####.#.
#.# ## #.#####.#. #.# .
#.......#. #.# .
#.....(.#Z### #.########.
#...........######..##....##
#...........#...............
#.....#...k°#...............
#.....#...°@####'#######..##
#.....#.###°##...#######..##
#.......#.°°°...............
#.......#°°°.†[.............
#.......#................)..
#.......#...................
#.......####################
#...........................
#.........#.......[####....#


You could see a death drake and a wolf spider simulacrum (wandering).

Vanquished Creatures
  Rupert (D:15)
  Kirke (D:15)
  3 boulder beetles
  Erica (D:9)
  5 hydras
  3 centaur warriors
  2 two-headed ogres
  3 tengu warriors
  Urug (D:14)
  The ghost of vampirul the Geomancer, a journeyman GrEE of Ashenzari (D:13)
  Pikel (D:6)
  A wizard (D:14)
  2 ugly things (D:12)
  Joseph (D:8)
  An elephant (D:8)
  Maggie (D:6)
  A gargoyle (D:10)
  A water nymph (shapeshifter) (D:13)
  An unseen horror (D:10)
  An efreet (D:14)
  3 kobold demonologists
  2 trolls
  Grinder (D:4)
  A hornet (D:9)
  10 slime creatures (D:13)
  2 wraiths
  A wyvern (D:8)
  3 shadows
  Sigmund (D:4)
  13 yaks
  22 humans
  Grum (D:9)
  2 steam dragons
  2 basilisks (D:8)
  7 vampire mosquitoes
  4 wargs (D:11)
  An acid dragon (D:13)
  Duvessa (D:6)
  4 orc warriors
  2 water moccasins
  A sky beast (D:7)
  An ice beast (D:6)
  4 black bears
  An ogre (D:4)
  4 boggarts (D:14)
  3 wolves (D:9)
  11 centaurs
  A phantom (D:5)
  A lemure (D:6)
  Blork the orc (D:9)
  6 kobold brigands
  2 bullfrogs
  4 gnoll sergeants
  3 necrophages
  2 scorpions
  6 wights
  Dowan (D:6)
  6 killer bees (D:9)
  An oklob sapling (D:4)
  4 howler monkeys
  A gnoll bouda (D:7)
  A hound (D:3)
  3 orc priests
  Crazy Yiuf (D:6)
  Terence (D:2)
  2 iguanas
  6 orc wizards
  4 adders
  18 gnolls
  A white imp (D:5)
  An ufetubus (D:6)
  2 worms
  A dart slug (D:1)
  32 orcs
  4 endoplasms
  6 giant cockroaches
  9 goblins
  10 hobgoblins
  3 jackals (D:1)
  2 quokkas
  11 ball pythons
  3 bats
  A frilled lizard (D:1)
  20 kobolds
  2 rats
323 creatures vanquished.

Vanquished Creatures (others)
  An orc wizard (D:8)
  17 plants
18 creatures vanquished.

Grand Total: 341 creatures vanquished

Notes
Turn   | Place    | Note
-------+----------+-------------------------------------------
     0 | D:1      | Anriel the Minotaur Fighter began the quest for the Orb.
     0 | D:1      | Reached XP level 1. HP: 19/19 MP: 0/0
    63 | D:1      | Reached XP level 2. HP: 21/27 MP: 1/1
   245 | D:1      | Found a faded altar of an unknown god.
   878 | D:2      | Reached XP level 3. HP: 32/33 MP: 2/2
   897 | D:2      | Noticed Terence
   906 | D:2      | Killed Terence
   907 | D:2      | Reached skill level 4 in Fighting
  1208 | D:2      | Reached XP level 4. HP: 40/40 MP: 3/3
  1534 | D:3      | Reached skill level 5 in Armour
  1639 | D:3      | Found an iron altar of Okawaru.
  1655 | D:3      | Became a worshipper of Warmaster Okawaru
  1787 | D:3      | Found a glowing silver altar of Zin.
  1904 | D:3      | Found an opulent altar of Gozag.
  2214 | D:4      | Found a radiant altar of Vehumet.
  2271 | D:4      | Reached XP level 5. HP: 47/47 MP: 4/4
  2652 | D:4      | Found a staircase to the Ecumenical Temple.
  2659 | D:4      | Reached skill level 5 in Maces & Flails
  2662 | Temple   | Entered the Ecumenical Temple
  2975 | D:4      | Found the +7 staff of the Meek {protect, meekguard}
  2985 | D:4      | Reached * piety under Okawaru
  3095 | D:4      | Noticed a black bear
  3096 | D:4      | Noticed Sigmund
  3109 | D:4      | Killed a black bear
  3110 | D:4      | Reached skill level 5 in Fighting
  3110 | D:4      | Reached skill level 5 in Shields
  3110 | D:4      | Reached skill level 1 in Invocations
  3110 | D:4      | Reached XP level 6. HP: 56/56 MP: 5/5
  3110 | D:4      | Noticed Grinder
  3126 | D:4      | Killed Grinder
  3127 | D:4      | Reached XP level 7. HP: 31/61 MP: 4/7
  3132 | D:4      | Killed Sigmund
  3132 | D:4      | Reached ** piety under Okawaru
  3566 | D:5      | Entered Level 5 of the Dungeon
  3670 | D:5      | Reached skill level 6 in Fighting
  3856 | D:5      | Found a snail-covered altar of Cheibriados.
  3868 | D:5      | Reached XP level 8. HP: 68/70 MP: 10/10
  4025 | D:6      | Found a hazy altar of Hepliaklqana.
  4063 | D:6      | Reached *** piety under Okawaru
  4064 | D:6      | Reached skill level 5 in Invocations
  4200 | D:6      | Noticed Duvessa
  4201 | D:6      | Noticed Dowan
  4213 | D:6      | Killed Duvessa
  4214 | D:6      | Reached skill level 1 in Throwing
  4218 | D:6      | Killed Dowan
  4335 | D:6      | Noticed Maggie
  4353 | D:6      | Killed Maggie
  4353 | D:6      | Received a gift from Okawaru
  4354 | D:6      | Reached skill level 7 in Fighting
  4524 | D:6      | Noticed Pikel
  4820 | D:6      | Killed Pikel
  4820 | D:6      | Reached **** piety under Okawaru
  4821 | D:6      | Reached XP level 9. HP: 54/79 MP: 11/11
  5108 | D:6      | Found a runed translucent door.
  5109 | D:6      | Noticed Crazy Yiuf
  5114 | D:6      | Killed Crazy Yiuf
  5390 | D:7      | Reached skill level 5 in Throwing
  5401 | D:7      | Reached skill level 8 in Fighting
  5734 | D:7      | Reached ***** piety under Okawaru
  5945 | D:7      | Noticed a two-headed ogre
  5958 | D:7      | Killed a two-headed ogre
  5959 | D:7      | Reached XP level 10. HP: 48/90 MP: 12/12
  6818 | D:8      | Noticed an elephant
  6837 | D:8      | Killed an elephant
  6861 | D:8      | Found a staircase to the Lair.
  6864 | D:8      | Noticed Joseph
  6879 | D:8      | Identified the +0 pair of gloves of the Pit {Stlth+}
                  | (Okawaru gifted it to you on level 8 of the Dungeon)
  6879 | D:8      | Received a gift from Okawaru
  6880 | D:8      | Reached skill level 9 in Fighting
  7203 | D:8      | Killed Joseph
  7678 | D:9      | Noticed Blork the orc
  7695 | D:9      | Killed Blork the orc
  8093 | D:9      | Noticed Erica
  8121 | D:9      | Reached skill level 10 in Maces & Flails
  8132 | D:9      | Killed Erica
  8133 | D:9      | Reached skill level 10 in Armour
  8324 | D:9      | Noticed Grum
  8339 | D:9      | Killed Grum
  8340 | D:9      | Reached skill level 1 in Evocations
  8449 | D:9      | Reached XP level 11. HP: 86/99 MP: 13/13
  8467 | D:9      | Found an ornate altar of the Wu Jian Council.
  8500 | D:9      | Reached skill level 10 in Fighting
  8964 | D:10     | Entered Level 10 of the Dungeon
  9233 | D:10     | Found a white marble altar of Elyvilon.
  9336 | D:10     | Received a gift from Okawaru
  9988 | D:11     | Noticed a seven-headed hydra
  9992 | D:11     | Killed a seven-headed hydra
 10084 | D:11     | Noticed a soul eater
 10089 | D:11     | Received a gift from Okawaru
 10260 | D:11     | Found a staircase to the Orcish Mines.
 10263 | D:11     | Reached skill level 5 in Evocations
 10279 | D:11     | Reached ****** piety under Okawaru
 10497 | D:11     | Noticed a four-headed hydra
 10505 | D:11     | Killed a four-headed hydra
 10505 | D:11     | Received a gift from Okawaru
 10704 | D:11     | Identified a scroll of acquirement
 10705 | D:11     | Acquired the ring of the Fool {rElec rF+ rC+ SInv}
 10866 | D:12     | Noticed a cyan ugly thing
 10871 | D:12     | Noticed a cyan ugly thing
 10887 | D:12     | Killed a cyan ugly thing
 10887 | D:12     | Identified the +0 hat of the Dungeon {rF+ Int+3} (Okawaru
                  | gifted it to you on level 12 of the Dungeon)
 10887 | D:12     | Received a gift from Okawaru
 10888 | D:12     | Reached skill level 11 in Fighting
 10895 | D:12     | Killed a cyan ugly thing
 10896 | D:12     | Reached skill level 10 in Shields
 11187 | D:12     | Acquired 609 gold pieces
 11261 | D:13     | Noticed a centaur warrior
 11276 | D:13     | Killed a centaur warrior
 11277 | D:13     | Reached XP level 12. HP: 85/110 MP: 13/15
 11324 | D:13     | Noticed a five-headed hydra
 11334 | D:13     | Killed a five-headed hydra
 12316 | D:13     | Noticed a centaur warrior
 12323 | D:13     | Killed a centaur warrior
 12500 | D:13     | Noticed vampirul's ghost (journeyman GrEE)
 12680 | D:13     | Found a runed translucent door.
 12699 | D:13     | Killed vampirul's ghost
 12944 | D:14     | Found a gate to the Vaults.
 12944 | D:14     | Noticed Urug
 12945 | D:14     | Noticed a centaur warrior
 12970 | D:14     | Killed a centaur warrior
 12971 | D:14     | Reached skill level 12 in Fighting
 12984 | D:14     | Received a gift from Okawaru
 12992 | D:14     | Killed Urug
 13027 | D:14     | Received a gift from Okawaru
 13042 | D:14     | Noticed a boulder beetle
 13061 | D:14     | Killed a boulder beetle
 13081 | D:14     | Noticed a two-headed ogre
 13095 | D:14     | Killed a two-headed ogre
 13095 | D:14     | Identified the +10 great mace "Goblinbane" {flame, *Noise
                  | Will+ Str+3 Int+3} (Okawaru gifted it to you on level 14 of
                  | the Dungeon)
 13095 | D:14     | Received a gift from Okawaru
 13124 | D:14     | Noticed a six-headed hydra
 13134 | D:14     | Killed a six-headed hydra
 13135 | D:14     | Reached skill level 10 in Throwing
 13156 | D:14     | Noticed a four-headed hydra
 13166 | D:14     | Killed a four-headed hydra
 13167 | D:14     | Reached XP level 13. HP: 64/119 MP: 18/18
 13591 | D:14     | Found a shadowy altar of Dithmenos.
 13990 | D:15     | Entered Level 15 of the Dungeon
 14127 | D:15     | Noticed Kirke
 14269 | D:15     | Killed Kirke
 14383 | D:15     | Identified the +0 ring mail "Tacaeguf" {Dex+4}
 14447 | D:15     | Noticed Rupert
 14810 | D:15     | Identified the +2 robe of the Sharp God {rPois rC+}
                  | (Okawaru gifted it to you on level 15 of the Dungeon)
 14810 | D:15     | Received a gift from Okawaru
 14827 | D:15     | Killed Rupert
 14844 | D:15     | Succumbed to a death drake's dark miasma

Illustrated notes

Levels and vault maps discovered:
D:1:      dpeg_arrival_simpleton_c, layout_basic, basic_ecumenical_altar
D:2:      layout_loops_ring, serial_forest, infiniplex_forest_end_3,
          infiniplex_forest_clump_small, infiniplex_forest_clump_diagonal,
          infiniplex_forest_lined_4_way, infiniplex_forest_lined_corner,
          infiniplex_forest_straight_4, infiniplex_forest_corner_1,
          infiniplex_forest_lined_1, minmay_pentomino_q2, uniq_terence
D:3:      layout_basic, pdpol_temple_overflow_zin_treasury_gozag_greed,
          okawaru_trees_2
D:4:      layout_cave_pools, nicolae_vehumet_altar_sigil,
          minmay_temple_entry_oklob, uniq_sigmund, uniq_grinder
D:5:      layout_rooms, nicolae_overflow_hidden_temple
D:6:      layout_loops_ring, mainiacjoe_overflow_catwalk,
          uniq_crazy_yiuf_cottage, uniq_maggie, uniq_duvessa, uniq_pikel
D:7:      layout_loops_ring, eino_tiny_chamber, nicolae_water_bricks
D:8:      layout_layer_cave, david_lair_generic, minivault_26, uniq_joseph
D:9:      layout_gridville, old_standard_altar, sword_in_stone, uniq_erica,
          uniq_grum
D:10:     layout_rooms, kennysheep_mini_moat
D:11:     layout_basic, minmay_orc_entry_guard_dogs, kennysheep_nondescript,
          corexii_leaking_fountain, kennysheep_small_square
D:12:     layout_cave_pools
D:13:     layout_grid_maze, hellmonk_ghost_happy_afterlife
D:14:     layout_roguey, david_vaults_3,
          nicolae_dithmenos_through_a_glass_darkly
D:15:     hangedman_depths_entry_try_elsewhere_first, layout_stronghold,
          serial_shops, nicolae_square_shop, uniq_josephine, uniq_kirke,
          uniq_rupert
Temple:   eino_temple_water

Skill      XL: |  1  2  3  4  5  6  7  8  9 10 11 12 13 |
---------------+----------------------------------------+-----
Armour         | 4 5 6 8 10 | 10.1
Maces & Flails | 3 4 5 6 8 10 | 10.4
Fighting       | 4 5 6 7 8 9 11 12 | 12.9
Shields        | 5 6 10 | 10.1
Invocations    | 1 2 4 5 8 9 |  9.7
Throwing       | 4 6 7 10 | 10.9
Evocations     | 1 5 |  5.0

Action                   |  1- 3 |  4- 6 |  7- 9 | 10-12 | 13-15 || total
-------------------------+-------+-------+-------+-------+-------++-------
Melee: Flail             |    76 |   109 |   130 |       |       ||   315
       Headbutt          |    12 |    19 |    41 |   174 |    29 ||   275
       Mace              |       |       |   112 |   387 |       ||   499
       Morningstar       |       |       |       |   412 |   130 ||   542
Throw: Dart              |       |       |     5 |       |       ||     5
       Javelin           |       |       |     2 |       |    10 ||    12
       Boomerang         |       |       |       |    18 |     1 ||    19
       Throwing net      |       |       |       |       |     2 ||     2
Invok: Heroism           |       |     1 |     1 |     3 |     1 ||     6
       Finesse           |       |       |       |     3 |       ||     3
Evoke: Wand              |       |       |       |     7 |     5 ||    12
  Use: Scroll            |     3 |     8 |     7 |    17 |     5 ||    40
       Potion            |       |     1 |     8 |     3 |     2 ||    14
Armor: Scale mail        |    31 |       |       |       |       ||    31
       Chain mail        |     6 |     9 |       |       |       ||    15
       Plate armour      |       |    73 |   111 |   661 |    72 ||   917
Dodge: Dodged            |    31 |    38 |    55 |   243 |    30 ||   397
Block: Buckler           |    10 |    28 |   137 |   114 |       ||   289
       Reflection        |       |       |     1 |    21 |     2 ||    24
       Kite shield       |       |       |       |   680 |    97 ||   777
       Other             |       |       |       |       |     1 ||     1
